 Dungeon Crawl Stone Soup version 0.29-a0-321-gf1c400731a (webtiles) character file.

Game seed: 3308983872129130623

536 zishaf the Sneak (level 7, -4/37 HPs)
             Began as a Vine Stalker Brigand on Apr 4, 2022.
             Splashed by a jelly's acid (7 damage)
             ... on level 3 of the Dungeon.
             The game lasted 00:06:37 (2291 turns).

zishaf the Sneak (Vine Stalker Brigand)             Turns: 2291, Time: 00:06:39

Health: -4/37      AC: -21   Str: 15    XL:     7   Next: 25%
Magic:  0/8        EV: 12    Int: 11    God:
Gold:   90         SH:  0    Dex: 22    Spells: 6/6 levels left

rFire   . . .      SeeInvis .   a - +2 dagger (speed)
rCold   . . .      Faith    +   (no shield)
rNeg    . . .      Spirit   +   j - +0 robe
rPois   +          Reflect  .   (helmet restricted)
rElec   .          Harm     .   c - +0 cloak
rCorr   .          Rampage  .   (no gloves)
Will    .....                   (no boots)
Stlth   ++++......              y - amulet "Beoxi" {Faith rPois}
HPRegen 1.72/turn               g - +6 ring of dexterity
MPRegen 0.11/turn               (no ring)

@: corroded
A: fangs 2, regeneration 2, magic shield, antimagic bite, no potion heal 2,
antennae 1
a: no special abilities


You were on level 3 of the Dungeon.
You visited 1 branch of the dungeon, and saw 4 of its levels.

You collected 90 gold pieces.

Inventory:

Hand Weapons
 a - a +2 dagger of speed (weapon)
 b - a +0 hunting sling
 f - a +2 dagger of draining
 m - a +2 dagger
Missiles
 d - 22 poisoned darts
 e - 3 curare-tipped darts
 p - 6 javelins (quivered)
Armour
 c - a +0 cloak (worn)
 j - a +0 robe (worn)
Jewellery
 g - a +6 ring of dexterity (left hand)
 y - the amulet "Beoxi" (around neck) {Faith rPois}
   (You found it on level 3 of the Dungeon)

   [amulet of faith]

   It allows you to gain divine favour quickly.
   rPois:     It protects you from poison.
Wands
 v - a wand of charming (11)
Scrolls
 h - a scroll of immolation {unknown}
 o - 2 scrolls of fear {unknown}
 q - a scroll of enchant weapon {unknown}
 s - a scroll of vulnerability {unknown}
 t - a scroll of enchant armour {unknown}
 x - a scroll of holy word {unknown}
Potions
 n - 2 potions of attraction
 r - a potion of curing
 u - a potion of resistance {unknown}
 w - a potion of haste {unknown}


   Skills:
 + Level 4.2 Fighting
 + Level 4.2 Short Blades
 - Level 1.7 Throwing
 - Level 0.7 Dodging
 + Level 7.4 Stealth


You had 6 spell levels left.
You didn't know any spells.
Your spell library contained the following spells:

 Spells                   Type           Power      Damage    Failure   Level
 Animate Skeleton         Necr           0%         N/A       34%         1
 Apportation              Tloc           0%         N/A       34%         1
 Summon Small Mammal      Summ           0%         N/A       34%         1


Dungeon Overview and Level Annotations

Branches:
Dungeon (4/15)
 Temple: D:4-7

Altars:


Innate Abilities, Weirdness & Mutations

You have extremely sharp teeth.
You heal very quickly.
When hurt, damage is shared between your health and your magic reserves.
Your bite disrupts and absorbs the magic of your enemies.
Potions cannot restore your health.
You have a pair of small antennae on your head.


Message History

There is a stone staircase leading up here.
The jelly barely misses you.
You climb upwards.
There is a stone staircase leading down here.
You see here a +0 spear.
The jelly attacks as you move away! The jelly hits you.
You are splashed with acid!
Things that are here:
a +0 halberd; a +0 short sword; a gnoll skeleton
Things that are here:
a +0 spear; a gnoll skeleton The jelly attacks as you move away!
The jelly barely misses you. The jelly attacks as you move away!
The jelly hits you.
You are splashed with acid.
The jelly attacks as you move away! The jelly hits you. The acid corrodes you!
You are splashed with acid!
The jelly attacks as you move away! The jelly misses you.
The jelly attacks as you move away! The jelly hits you.
You are splashed with acid!
The jelly attacks as you move away! The jelly hits you.
You are splashed with acid!
The jelly attacks as you move away! The jelly closely misses you.
The jelly attacks as you move away! The jelly hits you. The acid corrodes you!
You are splashed with acid!
The jelly attacks as you move away! The jelly barely misses you.
There is a stone staircase leading up here.
It was a potion of curing.
That felt strangely inert.
The jelly hits you.
You are splashed with acid!
You hit the jelly.
Your hands burn!
* * * LOW HITPOINT WARNING * * *
You bite the jelly, but do no damage.
The jelly is moderately wounded.
You hit the jelly but do no damage.
Your hands burn!
* * * LOW HITPOINT WARNING * * *
You bite the jelly, but do no damage.
The jelly is moderately wounded.
The jelly hits you.
* * * LOW HITPOINT WARNING * * *
You are splashed with acid!
You die...

##..........................# #.
.#....##..###......###......# #.
...###...## #......###.##...####.
......†#######.........##.....##.
.....######......#..#########....
##..........#.#.....# ####.
#................##.# ##.
..........#.....J##.# #..
............##..@##.###########..
...............#.##.#............
.................##.........###..
..............#.......####### #..
..............#........# ###..
..................####.### #.)>.
..............###.# #...# #)#..
.........)......#.######.####....
..............................#..


You could see a jelly.

Vanquished Creatures
  Sigmund (D:4)
  A necrophage (D:4)
  A hound (D:4)
  Natasha (thrice) (D:2)
  An orc wizard (D:3)
  3 adders
  6 gnolls
  2 worms
  3 dart slugs
  9 orcs
  3 endoplasms
  A giant cockroach (D:1)
  3 hobgoblins
  4 jackals (D:2)
  5 kobolds
  4 ball pythons (D:1)
  11 bats
  9 goblins
  8 rats
78 creatures vanquished.

Notes
Turn   | Place    | Note
-------+----------+-------------------------------------------
     0 | D:1      | zishaf the Vine Stalker Brigand began the quest for the
                  | Orb.
     0 | D:1      | Reached XP level 1. HP: 11/11 MP: 2/2
    41 | D:1      | Reached skill level 5 in Stealth
    47 | D:1      | Reached XP level 2. HP: 14/15 MP: 3/3
   172 | D:1      | Found a faded altar of an unknown god.
   439 | D:1      | Reached XP level 3. HP: 18/18 MP: 4/4
   755 | D:2      | Noticed Natasha
   764 | D:2      | Killed Natasha
   765 | D:2      | Gained mutation: Your natural rate of healing is unusually
                  | fast. [Vine Stalker growth]
   765 | D:2      | Reached XP level 4. HP: 11/23 MP: 3/5
   842 | D:2      | Noticed Natasha
   849 | D:2      | Killed Natasha
   858 | D:2      | Noticed Natasha
   866 | D:2      | Killed Natasha
   867 | D:2      | Reached skill level 6 in Stealth
   867 | D:2      | Reached XP level 5. HP: 28/28 MP: 6/6
  1763 | D:3      | Reached XP level 6. HP: 31/31 MP: 7/7
  1866 | D:3      | Identified the amulet "Beoxi" {Faith rPois}
  2003 | D:4      | Gained mutation: You passively map a small area around you.
                  | [potion of mutation]
  2003 | D:4      | Gained mutation: Your spells are a little harder to cast,
                  | but a little more powerful. [potion of mutation]
  2003 | D:4      | Gained mutation: You have a pair of small antennae on your
                  | head. [potion of mutation]
  2004 | D:4      | Lost mutation: Your spells are a little harder to cast, but
                  | a little more powerful. [potion of mutation]
  2004 | D:4      | Lost mutation: You passively map a small area around you.
                  | [potion of mutation]
  2004 | D:4      | Gained mutation: You heal very quickly. [potion of
                  | mutation]
  2004 | D:4      | Gained mutation: You are clumsy. (Dex -2) [potion of
                  | mutation]
  2004 | D:4      | Lost mutation: You are clumsy. (Dex -2) [potion of
                  | mutation]
  2061 | D:4      | Noticed Sigmund
  2070 | D:4      | Killed Sigmund
  2071 | D:4      | Reached skill level 7 in Stealth
  2071 | D:4      | Reached XP level 7. HP: 37/37 MP: 8/8
  2291 | D:3      | Splashed by a jelly's acid

Illustrated notes

Levels and vault maps discovered:
D:1:      nzn_arrival_crosshair, layout_loops_ring,
          shapermc_ecumenical_altar_notcrosses, minmay_misc_feat_plants
D:2:      layout_loops_ring, chequers_serial_rivers_small_3, minivault_4,
          minmay_misc_feat_x, minivault_24, uniq_natasha
D:3:      layout_rooms
D:4:      layout_loops_ring, uniq_edmund, uniq_pikel, uniq_sigmund

Skill      XL: |  1  2  3  4  5  6 |
---------------+-------------------+-----
Short Blades   | 2 3 4 |  4.2
Stealth        | 5 6 7 |  7.4
Fighting       | 2 3 4 |  4.2
Throwing       | |  1.7
Dodging        | |  0.7

Action                   |  1- 3 |  4- 6 |  7- 9 || total
-------------------------+-------+-------+-------++-------
Melee: Dagger            |    57 |   128 |    12 ||   197
       Bite              |    13 |    45 |     6 ||    64
       Punch             |       |     1 |     1 ||     2
 Fire: Hunting sling     |     4 |     6 |       ||    10
Throw: Javelin           |       |     2 |       ||     2
       Dart              |       |     1 |       ||     1
  Use: Scroll            |       |     4 |     2 ||     6
       Potion            |       |     2 |     1 ||     3
 Stab: Sleeping          |    10 |     4 |     1 ||    15
Armor: Robe              |     6 |    23 |       ||    29
Dodge: Dodged            |    28 |    57 |    15 ||   100

Table legend: (Time is in decaauts)
 A = Elapsed time spent in this place.
 B = Non-inter-level travel time spent in this place.
 C = Inter-level travel time spent in this place.
 D = Time resting spent in this place.
 E = Time spent auto-exploring this place.
 F = Levels seen in this place.
 G = Mean time per level.
                   A        B        C        D        E       F      G
               +--------+--------+--------+--------+--------+-----+--------+
         Total |   2231 |   2154 |     77 |     22 |   1473 |   4 |  557.8 |
       Dungeon |   2231 |   2154 |     77 |     22 |   1473 |   4 |  557.8 |
               +--------+--------+--------+--------+--------+-----+--------+

Top non-repeatable levels by time:
     D:2: 825 daAuts
     D:1: 673 daAuts
     D:3: 432 daAuts
     D:4: 300 daAuts
